 Dungeon Crawl Stone Soup version 0.28.0-62-gf88900778d (webtiles) character file.

Game seed: 8996977331751789093

511 Froggeryz the Cudgeller (level 7, -1/73 HPs)
             Began as an Octopode Berserker on Dec 8, 2023.
             Was a Priest of Trog.
             Hit by a boomerang thrown by an orc (6 damage)
             ... on level 4 of the Dungeon.
             The game lasted 00:05:02 (3868 turns).

Froggeryz the Cudgeller (Octopode Berserker)        Turns: 3868, Time: 00:05:02

Health: -1/73      AC:  1    Str: 16    XL:     7   Next: 19%
Magic:  7/7        EV: 14    Int: 10    God:    Trog [***...]
Gold:   77         SH:  0    Dex: 19    Spells: 6/6 levels left

rFire   . . .      SeeInvis .   e - +2 dagger (drain)
rCold   . . .      Faith    .   (no shield)
rNeg    . . .      Spirit   .   (helmet restricted)
rPois   .          Reflect  .   f - amulet of the acrobat
rElec   .          Harm     .   d - +6 ring of dexterity
rCorr   .          Rampage  .   (no ring)
Will    ++...                   (no ring)
Stlth   ..........              (no ring)
HPRegen 1.22/turn               (no ring)
MPRegen 0.10/turn               (no ring)
                                (no ring)
                                (no ring)

@: berserking, strong-willed, regenerating, very quick
A: almost no armour, amphibious, 8 rings, camouflage 1, gelatinous body 1,
(nimble swimmer 1), tentacles
a: Renounce Religion, Berserk, Trog's Hand


You were on level 4 of the Dungeon.
You worshipped Trog.
Trog was most pleased with you.
You visited 1 branch of the dungeon, and saw 4 of its levels.
You also visited: Sewer.

You collected 89 gold pieces.
You spent 12 gold pieces at shops.

Inventory:

Hand Weapons
 a - a +0 mace
 e - a +2 dagger of draining (weapon)
Missiles
 h - 20 poisoned darts (quivered)
 o - 4 silver boomerangs
 p - 2 boomerangs
Armour
 m - a +0 buckler
Jewellery
 d - a +6 ring of dexterity (left tentacle)
 f - an amulet of the acrobat (around mantle)
Scrolls
 b - 3 scrolls of blinking {unknown}
 c - a scroll of immolation {unknown}
 g - 2 scrolls of identify {unknown}
 i - 2 scrolls of noise {unknown}
 j - a scroll of amnesia {unknown}
 k - a scroll of torment {unknown}
Potions
 l - 2 potions of curing
 n - 2 potions of heal wounds
 q - a potion of resistance {unknown}
 r - 2 potions of flight


   Skills:
 + Level 4.8 Fighting
 + Level 5.6 Maces & Flails
 - Level 3.0 Dodging
 * Level 3.8 Shields


You had 6 spell levels left.
You didn't know any spells.
Your spell library was empty.

Dungeon Overview and Level Annotations

Branches:
Dungeon (4/15)              Sewer (visited)
 Temple: D:4-7

Altars:
Okawaru
Qazlal
The Shining One

Shops:
D:1 !


Innate Abilities, Weirdness & Mutations

You cannot wear most types of armour.
You are amphibious.
You can wear up to eight rings at the same time.
Your skin changes colour to match your surroundings (Stealth+).
Your rubbery body absorbs attacks. (AC +1, EV +1)
((You are camouflaged when in or above water. (Stealth+)))
You have tentacles for arms and can constrict up to eight enemies at once.


Message History

You hit something but do no damage. Something barely misses you.
The orc throws a boomerang.
The boomerang completely misses you.
You hit something.
You hear some strange, mumbled words.
A magic dart appears from out of thin air!
The magic dart hits you!
You barely miss something.
A jackal comes into view.
You hear some strange, mumbled words.
A magic dart appears from out of thin air!
The magic dart hits you!
You are too injured to fight recklessly!
You are too injured to fight recklessly!
You are too injured to fight recklessly!
You miss something. Something hits you.
You miss something. Something hits you.
The orc throws a boomerang.
The boomerang hits you.
* * * LOW HITPOINT WARNING * * *
You hit something but do no damage. Something hits you.
* * * LOW HITPOINT WARNING * * *
The orc throws a boomerang.
The boomerang barely misses you.
Your skin crawls.
You feel strong-willed. Something hits you.
* * * LOW HITPOINT WARNING * * *
The orc throws a boomerang.
The boomerang hits you.
* * * LOW HITPOINT WARNING * * *
A red film seems to cover your vision as you go berserk!
You feel yourself moving faster!
You feel mighty! Something hits you.
* * * LOW HITPOINT WARNING * * *
The orc throws a boomerang.
You barely miss something. Your squeeze misses something. Something hits you.
* * * LOW HITPOINT WARNING * * *
You hit something. Trog accepts your kill.
Trog appreciates your killing of a magic user.
Reactivating autopickup.
You feel a bit more experienced.
The orc throws a boomerang.
The boomerang hits you.
You die...

###.# # ...############
#.####.##.........##########
#....#....).................
#########.#..#.#######.#######..#
........<.#..#.# #.# #..#
.######........### #.# #..#
#<#.#....†.# #.# #.[.
###.##.#.#@# #.# #... ..##.#.#)#
#.# #... ..###.#..Bo +.# #... ...
#.#.#.#. ####### .... #?#......
#...... ..... #+###.#.## #......
... +...... ### #...... #...<..


You could see an orc and a giant cockroach.

Vanquished Creatures
  2 kobold brigands (Sewer)
  2 scorpions (D:4)
  2 orc wizards (D:4)
  2 hound skeletons (D:4)
  6 gnolls
  3 adders
  A river rat (Sewer)
  4 worms
  A dart slug (D:1)
  5 orcs
  4 ball pythons
  8 endoplasms
  5 giant cockroaches
  10 goblins
  3 hobgoblins
  6 jackals
  12 kobolds
  4 quokkas
  7 bats
  4 frilled lizards
  6 rats
97 creatures vanquished.

Notes
Turn   | Place    | Note
-------+----------+-------------------------------------------
     0 | D:1      | Froggeryz the Octopode Berserker began the quest for the
                  | Orb.
     0 | D:1      | Reached XP level 1. HP: 16/16 MP: 1/1
   145 | D:1      | Found Xuaguhiu's Distillery.
   184 | D:1      | Reached XP level 2. HP: 21/21 MP: 2/2
   664 | D:1      | Reached XP level 3. HP: 23/26 MP: 3/3
   965 | D:1      | Bought a potion of degeneration for 12 gold pieces
  1028 | D:2      | Reached ** piety under Trog
  1161 | D:2      | Reached skill level 4 in Maces & Flails
  1428 | D:2      | Reached XP level 4. HP: 32/32 MP: 4/4
  1920 | D:3      | Found a stormy altar of Qazlal.
  2139 | D:3      | Found a glowing golden altar of the Shining One.
  2429 | D:3      | Reached XP level 5. HP: 33/37 MP: 5/5
  2669 | D:3      | Found a faded altar of an unknown god.
  2916 | D:4      | Reached skill level 1 in Shields
  3199 | D:4      | Reached skill level 5 in Maces & Flails
  3213 | D:4      | Found an iron altar of Okawaru.
  3228 | D:4      | Reached *** piety under Trog
  3240 | D:4      | Reached XP level 6. HP: 22/44 MP: 6/6
  3302 | D:4      | Found a glowing drain.
  3316 | Sewer    | Entered a sewer
  3543 | Sewer    | Reached XP level 7. HP: 29/49 MP: 7/7
  3571 | Sewer    | Found a glowing silver altar of Zin.
  3868 | D:4      | Hit by a boomerang thrown by an orc

Illustrated notes

Levels and vault maps discovered:
D:1:      sevenhm_arrival_forest_fort_large_4, layout_loops_cross, serial_shops,
          shop
D:2:      layout_rooms
D:3:      layout_loops_ring, mainiacjoe_overflow_chevrons,
          nicolae_overflow_crystal_walls,
          hellmonk_ecumenical_altar_heavens_door, grunt_ministairs_12,
          chequers_serial_rivers_small_3
D:4:      layout_basic, kennysheep_mini, cheibrodos_sewer_entry_sluice

Skill      XL: |  1  2  3  4  5  6 |
---------------+-------------------+-----
Maces & Flails | 4 5 |  5.6
Fighting       | 4 |  4.8
Shields        | 2 3 |  3.8
Dodging        | |  3.0

Action                   |  1- 3 |  4- 6 |  7- 9 || total
-------------------------+-------+-------+-------++-------
Melee: Mace              |     5 |       |       ||     5
       Dagger            |    56 |   110 |    24 ||   190
       Constrict         |    14 |    29 |     6 ||    49
       Tentacles         |    10 |    17 |     3 ||    30
       Punch             |     1 |     2 |     1 ||     4
Invok: Berserk           |       |     1 |     1 ||     2
       Trog's Hand       |       |     1 |     1 ||     2
  Use: Potion            |       |     1 |       ||     1
 Stab: Sleeping          |    13 |     6 |       ||    19
Armor: Skin              |     3 |     3 |     2 ||     8
Dodge: Dodged            |    33 |    74 |    12 ||   119
